 Dungeon Crawl Stone Soup version 0.20-a0-513-g02c11fc (webtiles) character file.

22 AlphabetPasta the Charmwright (level 2, 0/22 HPs)
             Began as a Demonspawn Skald on Jan 23, 2017.
             Slain by a shadow imp (2 damage)
             ... summoned by Natasha
             ... on level 2 of the Dungeon.
             The game lasted 00:03:24 (623 turns).

AlphabetPasta the Charmwright (Demonspawn Skald)     Turns: 623, Time: 00:03:26

Health: 0/22       AC:  5    Str: 11    XL:     2   Next: 68%
Magic:  5/5        EV: 12    Int: 14    God:
Gold:   47         SH:  0    Dex: 12    Spells: 4/5 levels left

rFire    . . .     SeeInvis .   a - +0 hand axe
rCold    . . .     Gourm    .   e - +0 ring mail
rNeg     . . .     Faith    .   (no shield)
rPois    .         Spirit   .   (no helmet)
rElec    .         Reflect  .   (no cloak)
rCorr    .         Harm     .   (no gloves)
MR       .....                  (no boots)
Stlth    +.........             (no amulet)
Regen    0.1/turn               (no ring)
                                (no ring)

@: slowed, very slow
A: repulsion field 1
a: no special abilities


You were on level 2 of the Dungeon.
You were not hungry.

You visited 1 branch of the dungeon, and saw 2 of its levels.

You collected 47 gold pieces.

Inventory:

Hand Weapons
 a - a +0 hand axe (weapon)
Armour
 b - a +0 leather armour
 e - a +0 ring mail (worn)
Jewellery
 g - a cursed ring of loudness {unknown}
Scrolls
 l - a scroll of magic mapping
Potions
 f - 2 potions of curing {unknown}
 h - a potion of agility {unknown}
 i - a potion of brilliance {unknown}
 k - a potion of lignification {unknown}
Books
 c - a book of Battle

   Spells                             Type                      Level
   a - Infusion                       Charms                       1
   b - Shroud of Golubria             Charms/Translocation         2
   c - Song of Slaying                Charms                       2
   d - Spectral Weapon                Hexes/Charms                 3
   e - Regeneration                   Charms/Necromancy            3
Comestibles
 d - 2 bread rations
 j - 5 chunks of flesh


   Skills:
 + Level 2.0 Fighting
 * Level 2.2 Axes
 + Level 1.1 Armour
 + Level 1.8 Dodging
 + Level 2.1 Spellcasting
 * Level 3.1 Charms


You had 4 spell levels left.
You knew the following spells:

 Your Spells              Type           Power        Failure   Level  Hunger
a - Infusion              Chrm           ##..         17%         1    ##.....


Dungeon Overview and Level Annotations

Branches:
Dungeon (2/15)

Altars:

Annotations:
D:2 Natasha


Innate Abilities, Weirdness & Mutations

You are surrounded by a mild repulsion field. (EV +2)


Message History

Natasha is severely wounded.
You hit the shadow imp.
Natasha mumbles some strange words.
The shadow imp barely misses you. Natasha completely misses you.
The shadow imp sputters.
The shadow imp hits you.
You hit Natasha but do no damage.
Natasha is severely wounded.
You closely miss the shadow imp. You hit the white imp. Natasha claws you.
The shadow imp closely misses you.
The white imp hits you but does no damage.
Natasha claws you.
Unknown command.
You hit Natasha.
Natasha is almost dead.
You hit the white imp. You closely miss the shadow imp.
The shadow imp misses you. The white imp misses you. Natasha claws you!
* * * LOW HITPOINT WARNING * * *
The shadow imp hits you.
You die...

#.............
.............
.....[...... .
...........
..###........$.
...............
.......h5......
......5@#
?..............
........#.#.#.#
.....)....#
...#..... . .#
(........
.##.#... .. ..
......(...


You could see Natasha, a white imp and a shadow imp.

Vanquished Creatures
  A dart slug (D:1)
  4 bats (D:1)
  A giant cockroach (D:1)
  3 goblins (D:1)
  3 hobgoblins (D:1)
  A frilled lizard (D:1)
  4 kobolds (D:1)
17 creatures vanquished.

Notes
Turn   | Place    | Note
-------+----------+-------------------------------------------
     0 | D:1      | AlphabetPasta the Demonspawn Skald began the quest for the Orb.
     0 | D:1      | Reached XP level 1. HP: 16/16 MP: 3/3
   154 | D:1      | Gained mutation: You are surrounded by a mild repulsion field. (EV +2) [demonic ancestry]
   154 | D:1      | Reached XP level 2. HP: 13/22 MP: 5/5
   244 | D:1      | Reached skill level 3 in Charms
   388 | D:1      | Reached skill level 1 in Armour
   612 | D:2      | Noticed Natasha
   623 | D:2      | Slain by a shadow imp

Vault maps used:
D:1:      lemuel_arrival_behind_the_door_large
D:2:      uniq_natasha

Skill      XL: |  1  2 |
---------------+-------+-----
Axes           | 2 |  2.2
Charms         | 3 |  3.1
Armour         | 1 |  1.1
Fighting       | |  2.0
Dodging        | |  1.8
Spellcasting   | |  2.1

Action                   || total
-------------------------++-------
Melee: Hand axe          ||    54
  Use: Scroll            ||     2
Armor: Ring mail         ||    17
Dodge: Dodged            ||    45
